Match 41129908
Unlisted

Match 41129908
End
Construct Barracks
Selects Special Operations Battlegroup
Riflemen Squad
Riflemen Squad
Grenade Package
Riflemen Squad
Selects M29 Weasel with M1 Pack Howitzer
Mechanized Support Center
Construct Medical Station
M29 Weasel with M1 Pack Howitzer
Construct Motor Pool
M29 Weasel with M1 Pack Howitzer
M24 Chaffee Light Tank
M8 Greyhound Armored Car
Riflemen Squad
Riflemen Squad
Selects P-47 Anti-Infantry Loiter
P-47 Anti-Infantry Loiter
Riflemen Squad
Designate Forward Repair Station
M1918 Browning Automatic Rifles
M1 Anti-tank Gun Team
M8 Greyhound Armored Car
ShoulderGuy
Pinhead Larry
nub
FutureNP
0
0

Comments sign in to comment!

No comments posted yet!